 Dungeon Crawl Stone Soup version 0.27-a0-1591-gc56fcc985a (webtiles) character file.

Game seed: 12680913410080599827

65 Sweetruy1997 the Grave Robber (level 3, -4/28 HPs)
             Began as a Deep Dwarf Necromancer on July 19, 2021.
             Killed from afar by an orc wizard (6 damage)
             ... with a magic dart
             ... on level 3 of the Dungeon.
             The game lasted 00:12:25 (2779 turns).

Sweetruy1997 the Grave Robber (DDNe)                Turns: 2779, Time: 00:12:26

Health: -4/28      AC:  3    Str: 11    XL:     3   Next: 92%
Magic:  5/6        EV: 12    Int: 16    God:
Gold:   52         SH:  0    Dex: 13    Spells: 2/7 levels left

rFire    . . .     SeeInvis .   a - +0 dagger (speed)
rCold    . . .     Faith    .   (no shield)
rNeg     . . .     Spirit   .   e - +0 leather armour
rPois    .         Reflect  .   (no helmet)
rElec    .         Harm     .   (no cloak)
rCorr    .         Rampage  .   (no gloves)
Will     .....                  (no boots)
Stlth    ++........             (no amulet)
HPRegen  0.00/turn              (no ring)
MPRegen  0.10/turn              (no ring)

@: no status effects
A: damage resistance, heal wounds, sense surroundings 1, no regeneration
a: Heal Wounds


You were on level 3 of the Dungeon.
You visited 1 branch of the dungeon, and saw 3 of its levels.

You collected 52 gold pieces.

Inventory:

Hand Weapons
 a - a +0 dagger of speed (weapon)
Armour
 e - a +0 leather armour (worn)
Potions
 b - a potion of cancellation {unknown}


   Skills:
 + Level 0.1 Armour
 + Level 2.2 Dodging
 + Level 2.5 Stealth
 + Level 2.6 Spellcasting
 + Level 5.3 Necromancy


You had 2 spell levels left.
You knew the following spells:

 Your Spells              Type           Power      Damage    Failure   Level
a - Pain                  Necr           76%        1d7       2%          1
b - Animate Skeleton      Necr           38%        N/A       2%          1
c - Vampiric Draining     Necr           9%         2d7       9%          3

Your spell library contained the following spells:

 Spells                   Type           Power      Damage    Failure   Level
 Animate Dead             Necr           9%         N/A       28%         4
 Agony                    Necr           19%        N/A       61%         5


Dungeon Overview and Level Annotations

Branches:
Dungeon (2/15)

Altars:


Innate Abilities, Weirdness & Mutations

You are resistant to damage.
You can heal yourself by infusing magical energy.
You passively map a small area around you.
You do not regenerate.


Message History

a +0 falchion; an orc corpse You hit the rat.
You kill the rat!
You closely miss the orc wizard.
The orc wizard is heavily wounded.
The orc wizard barely misses you.
You hit the orc wizard but do no damage.
The orc wizard is heavily wounded.
You hit the orc wizard.
The orc wizard is heavily wounded.
The orc wizard hits you with a +0 dagger.
* * * LOW HITPOINT WARNING * * *
You closely miss the orc wizard.
The orc wizard is heavily wounded.
Found 19 sling bullets.
You hit the orc wizard but do no damage.
The orc wizard is heavily wounded.
The orc wizard hits you with a +0 dagger.
* * * LOW HITPOINT WARNING * * *
You miss the orc wizard.
The orc wizard is heavily wounded.
The orc wizard barely misses you.
You closely miss the orc wizard.
The orc wizard is heavily wounded.
You hit the orc wizard but do no damage.
The orc wizard is heavily wounded.
The orc wizard closely misses you.
An adder comes into view.
Found 10 gold pieces.
Your hearing returns.
The orc wizard points at you and mumbles some strange words.
You resist with some effort.
You see here 10 gold pieces.
The orc wizard gestures wildly while chanting.
The orc wizard flickers and vanishes!
Deactivating autopickup; reactivate with Ctrl-A.
Found a scroll labelled FUOXKICELE.
A magic dart appears from out of thin air!
The magic dart hits you!
You die...

#o.# .....# , #.##
*###### ,* #S# * , #.#
,* #.# ######## , ,
#.#####......# * ,
#.S.o........# *
######S.###..#####.#**
* * #..#S{..@^?...# ,
#....#..#######
#.......# #.####.##
#.. ..# *, , ### ####
*


You could see an adder.

Vanquished Creatures
  2 adders (D:2)
  2 worms (D:2)
  A dart slug (D:1)
  An orc (D:3)
  3 ball pythons (D:1)
  3 bats
  3 endoplasms
  A giant cockroach (D:1)
  A goblin (D:2)
  5 hobgoblins
  6 kobolds
  2 quokkas (D:1)
  3 frilled lizards
  4 rats
37 creatures vanquished.

Notes
Turn   | Place    | Note
-------+----------+-------------------------------------------
     0 | D:1      | Sweetruy1997 the Deep Dwarf Necromancer began the quest for
                  | the Orb.
     0 | D:1      | Reached XP level 1. HP: 15/15 MP: 3/3
     2 | D:1      | Learned a level 1 spell: Animate Skeleton
   346 | D:1      | You fall into a shaft and drop 1 floor!
   571 | D:1      | Reached XP level 2. HP: 11/22 MP: 0/4
   933 | D:1      | Reached skill level 5 in Necromancy
  1900 | D:2      | Reached XP level 3. HP: 3/28 MP: 0/6
  1904 | D:2      | Learned a level 3 spell: Vampiric Draining
  2717 | D:2      | You fall into a shaft and drop 1 floor!
  2779 | D:3      | Killed from afar by an orc wizard

Illustrated notes

Levels and vault maps discovered:
D:1:      dpeg_arrival_court, layout_loops_corners, serial_bayou_crossing
D:2:      layout_loops_cross
D:3:      layout_loops_cross, mainiacjoe_overflow_big_doors,
          chequers_ecumenical_altar_twisty, uniq_ijyb

Skill      XL: |  1  2 |
---------------+-------+-----
Necromancy     | 5 |  5.3
Spellcasting   | 2 |  2.6
Armour         | |  0.1
Dodging        | |  2.2
Stealth        | |  2.5

Action                   || total
-------------------------++-------
Melee: Unarmed           ||     9
       Dagger            ||    79
 Cast: Pain              ||    54
       Animate Skeleton  ||     4
       Vampiric Draining ||    11
  Use: Scroll            ||     3
 Stab: Distracted        ||     1
Armor: Robe              ||     1
       Leather armour    ||     4
Dodge: Dodged            ||    36

Table legend: (Time is in decaauts)
 A = Elapsed time spent in this place.
 B = Non-inter-level travel time spent in this place.
 C = Inter-level travel time spent in this place.
 D = Time resting spent in this place.
 E = Time spent auto-exploring this place.
 F = Levels seen in this place.
 G = Mean time per level.
                   A        B        C        D        E       F      G
               +--------+--------+--------+--------+--------+-----+--------+
         Total |   2764 |   2658 |    106 |    653 |   1568 |   3 |  921.3 |
       Dungeon |   2764 |   2658 |    106 |    653 |   1568 |   3 |  921.3 |
               +--------+--------+--------+--------+--------+-----+--------+

Top non-repeatable levels by time:
     D:1: 1766 daAuts
     D:2: 941 daAuts
     D:3: 56 daAuts
